 Dungeon Crawl Stone Soup version 0.19.0-9-gfd783f2 (webtiles) character file.

147 LORDOFBUTT the Chopper (level 5, -3/47 HPs)
             Began as a Minotaur Berserker on Nov 7, 2016.
             Was a Priest of Trog.
             Slain by a worker ant (7 damage)
             ... on level 4 of the Dungeon.
             The game lasted 00:04:07 (1863 turns).

LORDOFBUTT the Chopper (Minotaur Berserker)         Turns: 1863, Time: 00:04:08

Health: -3/47      AC:  2    Str: 21    XL:     5   Next: 8%
Magic:  4/4        EV: 13    Int:  4    God:    Trog [***...]
Gold:   136        SH:  0    Dex: 11    Spells: 0 memorised, 4 levels left

rFire  . . .     SeeInvis .     h - +0 battleaxe
rCold  . . .     Gourm    .     b - +0 animal skin
rNeg   . . .     Faith    .     (shield currently unavailable)
rPois  .         Spirit   .     (helmet restricted)
rElec  .         Reflect  .     (no cloak)
rCorr  .         Harm     +     (no gloves)
MR     .....                    (no boots)
Stlth  +.........               g - amulet of harm
                                (no ring)
                                (no ring)

@: exhausted, slowed, very slow
A: retaliatory headbutt, horns 2
a: Berserk, Trog's Hand, Burn Spellbooks, Renounce Religion


You were on level 4 of the Dungeon.
You worshipped Trog.
Trog was most pleased with you.
You were very hungry.

You visited 1 branch of the dungeon, and saw 4 of its levels.

You collected 136 gold pieces.

Inventory:

Hand Weapons
 a - a +0 hand axe
 h - a +0 battleaxe (weapon)
Armour
 b - a +0 animal skin (worn)
Jewellery
 g - an amulet of harm (around neck)
Wands
 t - a wand of flame (32/48)
Scrolls
 d - a scroll of blinking
 k - a scroll of enchant armour {unknown}
 l - a scroll of amnesia {unknown}
 m - a scroll of fog {unknown}
 n - a scroll of recharging {unknown}
 o - 3 scrolls of fear
Potions
 e - a potion of invisibility
 f - a potion of cancellation {unknown}
 i - 2 potions of lignification
 j - a potion of curing {unknown}
 s - a potion of agility {unknown}
Comestibles
 c - 3 bread rations
 p - 2 slices of pizza
 q - a meat ration
 r - 2 fruits


   Skills:
 + Level 4.8 Fighting
 * Level 5.1 Axes
 + Level 3.2 Armour
 + Level 3.1 Dodging


You had 4 spell levels left.
You didn't know any spells.

Dungeon Overview and Level Annotations

Branches:
Dungeon (4/15)
 Temple: D:4-7

Altars:
Makhleb
Yredelemnul

Annotations:
D:4 Eustachio, Pikel


Innate Abilities, Weirdness & Mutations

You reflexively headbutt those who attack you in melee.
You have a pair of horns on your head.


Message History

You kill the rat!
The rat's corpse disappears in a puff of smoke!
You miss the bat. The bat misses you. The slave hits you but does no damage.
The bat completely misses you. You furiously retaliate!
You headbutt the bat!
You kill the bat!
The bat's corpse disappears in a puff of smoke!
Eustachio gestures wildly while chanting.
Eustachio blinks!
A worm comes into view.
You feel a strong urge to attack something.
You feel your anger subside.
You are no longer berserk.
You are exhausted.
You feel yourself slow down. The worker ant closely misses you.
The quokka closely misses you. You furiously retaliate!
You headbutt the quokka!
You kill the quokka!
The quokka's corpse disappears in a puff of smoke!
The worker ant bites you.
You die...

#######
#..#<.######
#......)...#
#..........#
#..........#
#..........# #
####..####.?##
...#..#######..##
......[.....a@..#
...........pK...#
.....(†[...@..^.#
..?.............#
......w.....)...#
##.##.##.#####...#
# #' #.# #### w.
.<. .......


You could see Eustachio, Pikel, a slave, a worm and a worker ant.

Vanquished Creatures
  3 slaves (D:4)
  6 adders
  2 oozes
  A dart slug (D:2)
  6 leopard geckos
  3 orcs
  7 giant cockroaches
  8 goblins
  9 hobgoblins
  7 kobolds
  3 quokkas
  A ball python (D:2)
  8 bats
  5 frilled lizards
  6 rats
75 creatures vanquished.

Notes
Turn   | Place    | Note
-------+----------+-------------------------------------------
     0 | D:1      | LORDOFBUTT the Minotaur Berserker began the quest for the Orb.
     0 | D:1      | Reached XP level 1. HP: 19/19 MP: 0/0
    44 | D:1      | Reached XP level 2. HP: 18/27 MP: 1/1
   297 | D:1      | Reached skill level 4 in Axes
   355 | D:1      | Reached ** piety under Trog
   547 | D:1      | Reached XP level 3. HP: 34/34 MP: 2/2
  1085 | D:2      | Reached XP level 4. HP: 41/41 MP: 3/3
  1372 | D:3      | Found a basalt altar of Yredelemnul.
  1401 | D:3      | Reached skill level 5 in Axes
  1523 | D:3      | Reached *** piety under Trog
  1650 | D:3      | Reached XP level 5. HP: 39/47 MP: 4/4
  1728 | D:3      | Found a burning altar of Makhleb.
  1848 | D:4      | Noticed Pikel
  1849 | D:4      | Noticed a slave
  1850 | D:4      | Noticed a slave
  1850 | D:4      | Noticed Eustachio
  1850 | D:4      | Noticed a slave
  1850 | D:4      | Noticed a slave
  1854 | D:4      | Killed a slave
  1855 | D:4      | Killed a slave
  1855 | D:4      | Killed a slave
  1863 | D:4      | Slain by a worker ant

Skill      XL: |  1  2  3  4 |
---------------+-------------+-----
Fighting       | 4 |  4.8
Axes           | 4 5 |  5.1
Dodging        | 3 |  3.1
Armour         | 3 |  3.2

Action                   |  1- 3 |  4- 6 || total
-------------------------+-------+-------++-------
Melee: Hand axe          |    58 |       ||    58
       Headbutt          |    10 |     9 ||    19
       Battleaxe         |    29 |    62 ||    91
Invok: Berserk           |       |     1 ||     1
  Use: Scroll            |     3 |     3 ||     6
  Eat: Chunk             |     1 |     2 ||     3
Armor: Animal skin       |    20 |    13 ||    33
Dodge: Dodged            |    54 |    60 ||   114
